 Dungeon Crawl Stone Soup version 0.26-a0-58-g79b31b8662 (webtiles) character file.

Game seed: 13354266849881400331

271 Ozzies the Skirmisher (level 6, -1/44 HPs)
             Began as a Gargoyle Fighter on June 8, 2020.
             Was a Plaything of Xom.
             Slain by Grinder (6 damage)
             ... on level 3 of the Dungeon.
             The game lasted 00:07:18 (3025 turns).

Ozzies the Skirmisher (Gargoyle Fighter)            Turns: 3025, Time: 00:07:19

Health: -1/44      AC:  8    Str: 21    XL:     6   Next: 23%
Magic:  6/6        EV:  7    Int:  9    God:    Xom [....*.]
Gold:   229        SH:  9    Dex:  9    Spells: 5/5 levels left

rFire    . . .     SeeInvis .   a - +0 flail
rCold    + . .     Gourm    .   c - +0 kite shield
rNeg     + . .     Faith    .   b - +0 scale mail
rPois    ∞         Spirit   .   (no helmet)
rElec    +         Reflect  .   (no cloak)
rCorr    .         Harm     .   (no gloves)
MR       .....                  (no boots)
Stlth    ..........             (no amulet)
HPRegen  0.14/turn              (no ring)
MPRegen  0.10/turn              (no ring)

@: no status effects
A: blurry vision 1, cold resistance 1, deformed body, deterioration 1, negative
energy resistance 1, screaming 1, electricity resistance, unbreathing, evolution
1, petrification resistance, rot immunity, AC +4
a: Renounce Religion


You were on level 3 of the Dungeon.
You worshipped Xom.
You were a beloved toy of Xom.
You were hungry.

You visited 1 branch of the dungeon, and saw 3 of its levels.

You collected 229 gold pieces.

Inventory:

Hand Weapons
 a - a +0 flail (weapon)
Armour
 b - a +0 scale mail (worn)
 c - a +0 kite shield (worn)
Wands
 o - a wand of flame (11)
Scrolls
 e - 2 scrolls of amnesia {unknown}
 i - 2 scrolls of teleportation {unknown}
 j - a scroll of fear {unknown}
 k - a scroll of fog {unknown}
 l - a scroll of enchant armour {unknown}
 n - a scroll of identify {unknown}
 r - a scroll of immolation {unknown}
Potions
 d - 3 potions of might
 g - a potion of lignification {unknown}
 h - 4 potions of stabbing
 m - a potion of flight {unknown}
 p - a potion of resistance {unknown}
 q - a potion of heal wounds
Comestibles
 f - 3 rations


   Skills:
 * Level 7.1 Fighting
 + Level 2.1 Maces & Flails
 + Level 3.6 Armour
 + Level 3.4 Shields


You had 5 spell levels left.
You didn't know any spells.
Your spell library contained the following spells:

 Spells                   Type           Power        Failure   Level  Hunger
 Beastly Appendage        Tmut           #.....       99%         1    ##.....
 Sticks to Snakes         Tmut           #.......     100%        2    ###....
 Spider Form              Tmut/Pois      #.........   100%        3    ####...
 Ice Form                 Ice/Tmut       #.......     100%        4    #####..
 Blade Hands              Tmut           #.........   100%        5    ######.


Dungeon Overview and Level Annotations

Branches:
Dungeon (3/15)

Altars:
Ashenzari
Xom

Annotations:
D:3 1 runed translucent door, Crazy Yiuf, Grinder


Innate Abilities, Weirdness & Mutations

You are resistant to torment.
Your stone body is resilient. (AC +4)
You are immune to poison.
You resist negative energy. (rN+)
You are resistant to electric shocks. (rElec)
You can survive without breathing.
You are immune to petrification.
You are immune to rotting.
Scrolls take you a little longer to read.
Your flesh is cold resistant. (rC+)
Armour fits poorly on your strangely shaped body.
Your body sometimes deteriorates upon taking damage.
You occasionally shout uncontrollably at your foes.
You evolve.


Message History

Grinder gestures at you. Pain shoots through your body!
* * * LOW HITPOINT WARNING * * *
Grinder blinks!
Grinder gestures at you.
You barely resist. Grinder gestures at you.
You barely resist.
Grinder blinks!
Grinder blinks!
You barely miss Grinder.
Grinder is severely wounded.
Grinder hits you.
* * * LOW HITPOINT WARNING * * *
You emit a cloud of colourful smoke!
You barely miss Grinder.
Grinder is severely wounded.
Grinder hits you.
You die...
Xom is highly amused!

#############
#.....§5@§..# ##
#.#######§§.# #.
####.§.#### #.
##.........# #<
#..........# #)
#..........# ###.
#####...#.## #...
#...#.########.##
#......>.......#


You could see Grinder.

Vanquished Creatures
  2 orc priests (D:3)
  An orc wizard (D:3)
  Ijyb (D:2)
  Natasha (thrice) (D:2)
  3 adders (D:2)
  A leopard gecko (D:2)
  6 orcs (D:3)
  A ball python (D:1)
  5 giant cockroaches
  5 goblins
  11 hobgoblins
  A quokka (D:3)
  4 bats
  A frilled lizard (D:2)
  6 kobolds
  4 rats
55 creatures vanquished.

Vanquished Creatures (others)
  5 toadstools (D:1)
5 creatures vanquished.

Grand Total: 60 creatures vanquished

Notes
Turn   | Place    | Note
-------+----------+-------------------------------------------
     0 | D:1      | Ozzies the Gargoyle Fighter began the quest for the Orb.
     0 | D:1      | Reached XP level 1. HP: 14/14 MP: 1/1
   256 | D:1      | Reached XP level 2. HP: 19/19 MP: 2/2
   557 | D:1      | Reached skill level 4 in Fighting
   804 | D:2      | Reached XP level 3. HP: 21/24 MP: 3/3
   862 | D:2      | Noticed Natasha
   876 | D:2      | Killed Natasha
   998 | D:2      | Noticed Natasha
  1003 | D:2      | Killed Natasha
  1003 | D:2      | Reached skill level 5 in Fighting
  1003 | D:2      | Reached XP level 4. HP: 26/31 MP: 4/4
  1298 | D:2      | Noticed Natasha
  1325 | D:2      | HP: 1/32 [Natasha (6)]
  1326 | D:2      | Killed Natasha
  1326 | D:2      | Reached skill level 6 in Fighting
  1326 | D:2      | Reached XP level 5. HP: 1/36 MP: 5/5
  1817 | D:2      | Found a shattered altar of Ashenzari.
  1918 | D:2      | Found a faded altar of an unknown god.
  1987 | D:2      | Became a worshipper of Xom of Chaos
  2136 | D:3      | Noticed Ijyb
  2138 | D:3      | XOM: silly message
  2141 | D:3      | Paralysed by Ijyb for 5 turns
  2150 | D:3      | Paralysed by Ijyb for 4 turns
  2160 | D:3      | Paralysed by Ijyb for 2 turns
  2161 | D:3      | XOM: fog
  2198 | D:2      | XOM: summons 1 hostile shadow creature
  2207 | D:2      | XOM: god gift: book of Changes
  2212 | D:3      | Paralysed by Ijyb for 3 turns
  2214 | D:3      | XOM: cast spell 'Call Canine Familiar'
  2221 | D:2      | Killed Ijyb
  2482 | D:3      | XOM: chaos upgrade
  2488 | D:3      | Paralysed by an orc wizard for 4 turns
  2494 | D:3      | Reached skill level 7 in Fighting
  2494 | D:3      | Reached XP level 6. HP: 26/44 MP: 6/6
  2664 | D:3      | XOM: give mutations
  2664 | D:3      | Gained mutation: You evolve. [Xom's mischief]
  2664 | D:3      | Gained mutation: You are frail. (-10% HP) [Xom's mischief]
  2664 | D:3      | Lost mutation: You are frail. (-10% HP) [Xom's mischief]
  2664 | D:3      | Gained mutation: Armour fits poorly on your strangely
                  | shaped body. [Xom's mischief]
  2700 | D:3      | XOM: give mutations
  2700 | D:3      | Gained mutation: Scrolls take you a little longer to read.
                  | [Xom's mischief]
  2700 | D:3      | Gained mutation: You occasionally shout uncontrollably at
                  | your foes. [Xom's mischief]
  2700 | D:3      | Gained mutation: Your body sometimes deteriorates upon
                  | taking damage. [Xom's mischief]
  2784 | D:3      | XOM: summons 4 hostile demons
  2849 | D:3      | Gained mutation: Your flesh is cold resistant. (rC+)
                  | [evolution]
  2953 | D:3      | XOM: 3-stop teleportation journey
  2975 | D:3      | Found a runed translucent door.
  2976 | D:3      | Noticed Crazy Yiuf
  2995 | D:3      | Noticed Grinder
  3001 | D:3      | XOM: silly message
  3009 | D:3      | Paralysed by Grinder for 5 turns
  3024 | D:3      | XOM: smoke on damage
  3025 | D:3      | Slain by Grinder

Illustrated notes

Levels and vault maps discovered:
D:1:      psy_arrival_whirlpool, layout_basic, chequers_hall_statues_y,
          minmay_gold_behind_fungi, minmay_tetromino_l2
D:2:      layout_basic, evilmike_ruin_ashenzari,
          chequers_ecumenical_altar_simple, uniq_natasha
D:3:      layout_loops_ring, elyvilon_altar_1, uniq_grinder, uniq_ijyb,
          uniq_crazy_yiuf_cottage

Skill      XL: |  1  2  3  4  5 |
---------------+----------------+-----
Fighting       | 4 5 6 7 |  7.1
Maces & Flails | |  2.1
Armour         | |  3.6
Shields        | |  3.4

Action                   |  1- 3 |  4- 6 || total
-------------------------+-------+-------++-------
Melee: Flail             |    79 |   197 ||   276
  Use: Potion            |       |     1 ||     1
  Eat: Chunk             |       |     3 ||     3
       Ration            |       |     1 ||     1
Armor: Scale mail        |    52 |   138 ||   190
Dodge: Dodged            |    26 |    63 ||    89
Block: Kite shield       |    42 |   112 ||   154

Table legend:
 A = Non-vault XP
 B = Vault XP
 C = Vault XP percentage of total XP
 D = Non-vault monster count
 E = Vault monster count
 F = Vault count percentage of total count
                 A         B        C        D         E       F
            +---------+---------+-------+---------+---------+-------
      Total |     315 |      73 |  18.8 |      51 |       4 |   7.3
            +---------+---------+-------+---------+---------+-------
        D:1 |      30 |       3 |   9.1 |      17 |       2 |  10.5
        D:2 |     135 |      70 |  34.1 |      21 |       2 |   8.7
        D:3 |     150 |       0 |   0.0 |      13 |       0 |   0.0
            +---------+---------+-------+---------+---------+-------
